 Dungeon Crawl Stone Soup version 0.29-a0-418-gc0181ea820 (webtiles) character file.

Game seed: 11172473026924080579

2065 bande the Cruncher (level 9, 0/78 HPs)
             Began as a Minotaur Gladiator on May 17, 2022.
             Slain by a hornet (4 damage)
             ... on level 7 of the Dungeon.
             The game lasted 00:10:08 (5786 turns).

bande the Cruncher (Minotaur Gladiator)             Turns: 5786, Time: 00:10:10

Health: 0/78       AC: 13    Str: 18    XL:     9   Next: 5%
Magic:  8/8        EV:  8    Int:  5    God:
Gold:   429        SH:  0    Dex: 15    Spells: 8/8 levels left

rFire   . . .      SeeInvis .   a - +0 quarterstaff
rCold   . . .      Faith    .   (shield currently unavailable)
rNeg    . . .      Spirit   .   x - +0 chain mail
rPois   .          Reflect  .   c - +1 hat
rElec   .          Harm     .   (no cloak)
rCorr   .          Rampage  .   (no gloves)
Will    +++..                   w - +0 pair of boots
Stlth   ..........              u - amulet of Tulurgh {Will++ Regen+ Dex-2}
HPRegen 1.03/turn               f - +4 ring of slaying
MPRegen 0.11/turn               j - ring of willpower

@: lethally poisoned (0 -> -4), slowed, very slow
A: horns 2, retaliatory headbutt
a: no special abilities


You were on level 7 of the Dungeon.
You visited 2 branches of the dungeon, and saw 8 of its levels.
You also visited: Sewer.

You collected 429 gold pieces.

Inventory:

Hand Weapons
 a - a +0 quarterstaff (weapon)
 A - a +0 shortbow
Missiles
 d - 3 throwing nets (quivered)
 e - a javelin
Armour
 c - a +1 hat (worn)
 w - a +0 pair of boots (worn)
 x - a +0 chain mail (worn)
Jewellery
 f - a +4 ring of slaying (left hand)
 j - a ring of willpower (right hand)
 r - an amulet of regeneration
 u - the amulet of Tulurgh (around neck) {Will++ Regen+ Dex-2}
   (You found it on level 3 of the Dungeon)

   [amulet of regeneration]

   Dex:       It affects your dexterity (-2).
   Regen:     It increases your rate of health regeneration.
   Will:      It greatly increases your willpower.
 z - a ring of flight
 E - a ring of poison resistance
Wands
 n - a wand of acid (12)
 y - a wand of mindburst (4)
 F - a wand of digging (6)
Scrolls
 o - 2 scrolls of amnesia
 q - 2 scrolls of fear
 B - 3 scrolls of identify
 C - a scroll of brand weapon {unknown}
Potions
 b - a potion of invisibility
 g - a potion of brilliance
 h - 2 potions of heal wounds
 i - 3 potions of haste {unknown}
 k - 4 potions of curing {unknown}
 l - 3 potions of magic {unknown}
 m - a potion of degeneration {unknown}
 p - 2 potions of attraction {unknown}
 s - 2 potions of mutation {unknown}
 t - 2 potions of might {unknown}
 v - a potion of berserk rage {unknown}
 D - 2 potions of flight {unknown}


   Skills:
 + Level 6.5 Fighting
 + Level 11.0 Staves
 - Level 2.0 Throwing
 + Level 7.3 Armour
 - Level 3.2 Dodging
 - Level 0.3 Stealth


You had 8 spell levels left.
You didn't know any spells.
Your spell library contained the following spells:

 Spells                   Type           Power      Damage    Failure   Level
 Beastly Appendage        Tmut           0%         N/A       99%         1
 Shock                    Conj/Air       0%         1d3       99%         1
 Static Discharge         Conj/Air       0%         N/A       100%        2
 Wereblood                Tmut           0%         N/A       100%        2
 Ignite Poison            Fire/Tmut/Pois 0%         N/A       100%        3
 Mephitic Cloud           Conj/Pois/Air  0%         N/A       100%        3
 Spider Form              Tmut/Pois      0%         N/A       100%        3
 Freezing Cloud           Conj/Ice/Air   0%         6-21      100%        5
 Maxwell's Capacitive Co  Air            0%         ∞         100%        8
 Chain Lightning          Conj/Air       0%         N/A       100%        9
 Fire Storm               Conj/Fire      0%         5d1       100%        9
 Shatter                  Erth           0%         3d5*      100%        9


Dungeon Overview and Level Annotations

Branches:
Dungeon (7/15)             Temple (1/1) D:6           Sewer (visited)

Altars:
Cheibriados
Dithmenos
Elyvilon
Fedhas
Gozag
Makhleb
Nemelex Xobeh
Qazlal
Ru
Sif Muna
Trog
Uskayaw
Vehumet
Wu Jian
Yredelemnul
Zin

Shops:
D:4 :


Innate Abilities, Weirdness & Mutations

You have a pair of horns on your head.
You reflexively headbutt those who attack you in melee.


Message History

You feel very sick.
The hornet stings you but does no damage.
You can move again.
You thump the hornet!
The hornet is heavily wounded.
You feel sick. The hornet stings you!
You shrug off the repeated paralysis!
You hit the hornet.
The hornet is heavily wounded.
You feel sick.
The hornet stings you but does no damage.
You hit the hornet. You headbutt the hornet.
The hornet is severely wounded.
You feel sick. The hornet stings you!
You are more poisoned.
You feel yourself slow down. The hornet stings you.
You feel as though you will be slow longer.
You hit the hornet. You headbutt the hornet.
The hornet is almost dead.
You feel very sick. The hornet stings you!
You are more poisoned.
You suddenly lose the ability to move!
You feel very sick. The hornet stings you.
* * * LOW HITPOINT WARNING * * *
You feel as though you will be slow longer.
The hornet stings you but does no damage.
You feel very sick. The hornet stings you!
* * * LOW HITPOINT WARNING * * *
You feel as though you will be slow longer.
You can move again.
You hit the hornet but do no damage. Your headbutt misses the hornet.
The hornet is almost dead.
* * * LOW HITPOINT WARNING * * *
You feel very sick.
A killer bee comes into view.
The hornet stings you but does no damage.
The hornet stings you.
You die...

#.# #.#
#.#.#......#.#
#.# #.#
#.#.....####.#
#.###.#
#.#.....'....#
.#######.....#
#.......######
.......'.....#
####....#
########.....#
#....# #.....#
#....# #.....#
###+## #####@#
#y# #y#


#yY #.. #..# #.y# #!.# You could see a hornet, an ice beast and 3 killer bees.

Vanquished Creatures
  Prince Ribbit (D:5)
  Menkaure (D:6)
  2 sky beasts (D:6)
  2 ogres
  A phantom (D:6)
  A centaur (D:6)
  3 kobold brigands (Sewer)
  5 scorpions
  A necrophage (D:4)
  A vampire bat (D:6)
  An electric eel (D:6)
  3 hounds
  A jelly (D:6)
  An orc priest (D:5)
  Ijyb (D:5)
  Terence (D:2)
  2 iguanas
  10 gnolls
  8 adders
  2 river rats
  3 shadow imps
  3 ufetubi
  5 worms
  2 dart slugs
  17 orcs
  9 bats
  5 endoplasms
  3 giant cockroaches
  5 goblins
  12 hobgoblins
  4 jackals (D:1)
  15 kobolds
  7 quokkas
  9 ball pythons
  3 frilled lizards
  11 rats
161 creatures vanquished.

Notes
Turn   | Place    | Note
-------+----------+-------------------------------------------
     0 | D:1      | bande the Minotaur Gladiator began the quest for the Orb.
     0 | D:1      | Reached XP level 1. HP: 18/18 MP: 0/0
    77 | D:1      | Reached skill level 4 in Staves
    81 | D:1      | Reached XP level 2. HP: 22/25 MP: 1/1
   449 | D:1      | Reached XP level 3. HP: 23/30 MP: 2/2
   676 | D:1      | Got the Compendium of Air
   716 | D:1      | Reached skill level 5 in Staves
   947 | D:2      | Reached skill level 1 in Armour
  1306 | D:2      | Reached XP level 4. HP: 37/37 MP: 3/3
  1550 | D:2      | Noticed Terence
  1559 | D:2      | Killed Terence
  2266 | D:3      | Identified the amulet of Tulurgh {Will++ Regen+ Dex-2}
  2641 | D:4      | Reached skill level 6 in Staves
  2641 | D:4      | Reached XP level 5. HP: 45/45 MP: 4/4
  2726 | D:4      | Found Unisun's Book Boutique.
  2841 | D:4      | Reached XP level 6. HP: 41/51 MP: 5/5
  2885 | D:4      | Reached skill level 7 in Staves
  3158 | D:5      | Entered Level 5 of the Dungeon
  3319 | D:5      | Reached XP level 7. HP: 45/59 MP: 6/6
  3344 | D:5      | Noticed Prince Ribbit
  3364 | D:5      | Killed Prince Ribbit
  3365 | D:5      | Reached skill level 8 in Staves
  3495 | D:5      | Reached skill level 5 in Armour
  3500 | D:5      | Noticed Ijyb
  3506 | D:5      | Killed Ijyb
  3554 | D:5      | Reached skill level 5 in Fighting
  4087 | D:6      | Reached skill level 9 in Staves
  4087 | D:6      | Reached XP level 8. HP: 68/68 MP: 7/7
  4165 | D:6      | Found a sacrificial altar of Ru.
  4174 | D:6      | Found a glowing silver altar of Zin.
  4307 | D:6      | Reached skill level 10 in Staves
  4311 | D:6      | Noticed Menkaure
  4315 | D:6      | Killed Menkaure
  4459 | D:6      | Found a glowing drain.
  4470 | Sewer    | Entered a sewer
  4797 | D:6      | Found a staircase to the Ecumenical Temple.
  4982 | Temple   | Entered the Ecumenical Temple
  5346 | D:6      | Reached XP level 9. HP: 78/78 MP: 8/8
  5688 | D:7      | Reached skill level 11 in Staves
  5778 | D:7      | Paralysed by a hornet for 1 turns
  5783 | D:7      | Paralysed by a hornet for 3 turns
  5786 | D:7      | Slain by a hornet

Illustrated notes

Levels and vault maps discovered:
D:1:      lightli_arrival_quake, layout_loops_ring
D:2:      layout_rooms, uniq_terence
D:3:      layout_basic
D:4:      layout_cave_pools, serial_shops, shop, minmay_misc_feat_iff
D:5:      layout_gridville, uniq_prince_ribbit1, uniq_ijyb
D:6:      layout_basic, nicolae_overflow_squiral, minmay_temple_entry_fiery,
          gup_sewer_entry_bubbles, serial_park_tiny_1, roderic_batcave,
          minmay_starry_boxes, uniq_menkaure
D:7:      layout_basic, amcnicky_mini_pool_small
Temple:   dpeg_chambers_temple

Skill      XL: |  1  2  3  4  5  6  7  8  9 |
---------------+----------------------------+-----
Staves         | 4 5 6 7 9 10 11 | 11.0
Armour         | 1 2 3 4 5 7 |  7.3
Fighting       | 3 4 5 6 |  6.5
Throwing       | |  2.0
Dodging        | |  3.2
Stealth        | |  0.3

Action                   |  1- 3 |  4- 6 |  7- 9 || total
-------------------------+-------+-------+-------++-------
Melee: Quarterstaff      |    68 |   102 |   186 ||   356
       Headbutt          |     5 |    11 |    24 ||    40
  Use: Scroll            |     4 |     7 |     2 ||    13
       Potion            |       |       |     1 ||     1
 Stab: Sleeping          |     1 |       |       ||     1
Armor: Leather armour    |    10 |     1 |       ||    11
       Scale mail        |       |    30 |       ||    30
       Chain mail        |       |       |   100 ||   100
Dodge: Dodged            |    30 |    43 |    76 ||   149

Table legend: (Time is in decaauts)
 A = Elapsed time spent in this place.
 B = Non-inter-level travel time spent in this place.
 C = Inter-level travel time spent in this place.
 D = Time resting spent in this place.
 E = Time spent auto-exploring this place.
 F = Levels seen in this place.
 G = Mean time per level.
                   A        B        C        D        E       F      G
               +--------+--------+--------+--------+--------+-----+--------+
         Total |   5843 |   5718 |    125 |    145 |   4512 |   9 |  649.2 |
       Dungeon |   5235 |   5110 |    125 |    145 |   4101 |   7 |  747.9 |
        Temple |    296 |    296 |      0 |      0 |    219 |   1 |  296.0 |
         Sewer |    311 |    311 |      0 |      0 |    192 |   1 |  311.0 |
               +--------+--------+--------+--------+--------+-----+--------+

Top non-repeatable levels by time:
     D:6: 1016 daAuts
     D:1: 941 daAuts
     D:5: 914 daAuts
     D:3: 885 daAuts
     D:2: 804 daAuts
     D:4: 528 daAuts
   Sewer: 311 daAuts
  Temple: 296 daAuts
     D:7: 144 daAuts
